 Dungeon Crawl Stone Soup version 0.27-a0-1590-g15f69828bf (webtiles) character file.

Game seed: 6887640882479108310

21 MovingMist the Skirmisher (level 2, -1/19 HPs)
             Began as a Gargoyle Fighter on July 18, 2021.
             Slain by an adder (4 damage)
             ... on level 2 of the Dungeon.
             The game lasted 00:01:17 (1082 turns).

MovingMist the Skirmisher (Gargoyle Fighter)        Turns: 1082, Time: 00:01:17

Health: -1/19      AC: 10    Str: 25    XL:     2   Next: 87%
Magic:  2/2        EV:  8    Int:  8    God:
Gold:   55         SH:  9    Dex:  9    Spells: 1/1 levels left

rFire    . . .     SeeInvis .   a - +0 flail
rCold    . . .     Faith    .   c - +0 kite shield
rNeg     + . .     Spirit   .   b - +0 scale mail
rPois    ∞         Reflect  .   (no helmet)
rElec    +         Harm     .   (no cloak)
rCorr    .         Rampage  .   f - +0 pair of gloves
Will     .....                  (no boots)
Stlth    ..........             (no amulet)
HPRegen  0.06/turn              j - +6 ring of strength
MPRegen  0.08/turn              (no ring)

@: no status effects
A: sickness immunity, AC +2, negative energy resistance 1, electricity
resistance, torment resistance 1, petrification resistance
a: no special abilities


You were on level 2 of the Dungeon.
You visited 1 branch of the dungeon, and saw 2 of its levels.

You collected 55 gold pieces.

Inventory:

Hand Weapons
 a - a +0 flail (weapon)
Armour
 b - a +0 scale mail (worn)
 c - a +0 kite shield (worn)
 f - a +0 pair of gloves (worn)
Jewellery
 j - a +6 ring of strength (left hand)
Potions
 d - a potion of might
 e - a potion of invisibility {unknown}
 g - a potion of lignification {unknown}
 h - a potion of ambrosia {unknown}
 i - a potion of curing {unknown}


   Skills:
 + Level 3.5 Fighting
 + Level 2.2 Maces & Flails
 + Level 3.5 Armour
 * Level 1.1 Dodging
 - Level 3.2 Shields


You had one spell level left.
You didn't know any spells.
Your spell library contained the following spells:

 Spells                   Type           Power      Damage    Failure   Level
 Corpse Rot               Necr/Air       N/A        N/A       100%        2
 Dispel Undead            Necr           0%         3d6       100%        4
 Death Channel            Necr           0%         N/A       100%        6


Dungeon Overview and Level Annotations

Branches:
Dungeon (2/15)

Altars:


Innate Abilities, Weirdness & Mutations

You are immune to sickness and miasma.
Your stone body is resilient. (AC +2)
You are immune to poison.
You resist negative energy. (rN+)
You are resistant to electric shocks. (rElec)
You are resistant to unholy torment.
You are immune to petrification.


Message History

You closely miss the adder. You block the adder's attack. x2
You completely miss the adder. You block the adder's attack.
You barely miss the adder. The adder barely misses you. The adder bites you.
The adder barely misses you.
You miss the adder. The adder bites you.
You are too injured to fight recklessly!
You barely miss the adder. You block the adder's attack.
The adder bites you but does no damage.
You barely miss the adder. The adder bites you. The adder barely misses you.
You barely miss the adder. You block the adder's attack.
The adder closely misses you.
You hit the adder.
The adder is lightly wounded.
The adder bites you but does no damage. The adder bites you.
You miss the adder.
The adder is lightly wounded.
You block the adder's attack. The adder closely misses you.
You hit the adder.
The adder is severely wounded.
The adder barely misses you. The adder bites you but does no damage.
You barely miss the adder.
The adder is severely wounded.
You block the adder's attack. The adder bites you.
* * * LOW HITPOINT WARNING * * *
You block the adder's attack.
You miss the adder.
The adder is severely wounded.
You block the adder's attack. The adder bites you but does no damage.
You closely miss the adder.
The adder is severely wounded.
The adder bites you.
* * * LOW HITPOINT WARNING * * *
The adder bites you but does no damage.
Your shield prevents you from hitting the adder.
The adder is severely wounded.
The adder bites you but does no damage. The adder barely misses you.
You barely miss the adder.
The adder is severely wounded.
The adder bites you.
You die...

#.# #.##
.. #..#
.. ##.##
.. #..#
.#
##.##.#
#..#.#
##.#S#
#.@.#
##..#
#..#
##>......
######.


You could see an adder.

Vanquished Creatures
  A ball python (D:1)
  2 bats (D:1)
  2 endoplasms (D:1)
  A giant cockroach (D:1)
  A goblin (D:1)
  A hobgoblin (D:1)
  A quokka (D:1)
  A frilled lizard (D:1)
  2 kobolds (D:1)
  10 rats (D:1)
22 creatures vanquished.

Notes
Turn   | Place    | Note
-------+----------+-------------------------------------------
     0 | D:1      | MovingMist the Gargoyle Fighter began the quest for the
                  | Orb.
     0 | D:1      | Reached XP level 1. HP: 14/14 MP: 1/1
   555 | D:1      | Reached XP level 2. HP: 19/19 MP: 2/2
   703 | D:1      | Reached skill level 1 in Dodging
  1082 | D:2      | Slain by an adder

Illustrated notes

Levels and vault maps discovered:
D:1:      matt_arrival_spirals, layout_basic, hex_medium,
          palyth_stone_intersect, supply_closet_lemuel, hangedman_decor_growths,
          minmay_rat_gold_closets
D:2:      layout_basic, serial_shops, nicolae_shop_behind_doors,
          ebering_ecumenical_altar_rust

Skill      XL: |  1  2 |
---------------+-------+-----
Dodging        | 1 |  1.1
Fighting       | |  3.5
Maces & Flails | |  2.2
Armour         | |  3.5
Shields        | |  3.2

Action                   || total
-------------------------++-------
Melee: Flail             ||    91
Armor: Scale mail        ||    48
Dodge: Dodged            ||    29
Block: Kite shield       ||    49

Table legend: (Time is in decaauts)
 A = Elapsed time spent in this place.
 B = Non-inter-level travel time spent in this place.
 C = Inter-level travel time spent in this place.
 D = Time resting spent in this place.
 E = Time spent auto-exploring this place.
 F = Levels seen in this place.
 G = Mean time per level.
                   A        B        C        D        E       F      G
               +--------+--------+--------+--------+--------+-----+--------+
         Total |   1129 |   1103 |     26 |      0 |    872 |   2 |  564.5 |
       Dungeon |   1129 |   1103 |     26 |      0 |    872 |   2 |  564.5 |
               +--------+--------+--------+--------+--------+-----+--------+

Top non-repeatable levels by time:
     D:1: 1076 daAuts
     D:2: 53 daAuts
